 Dungeon Crawl Stone Soup version 0.31-a0-232-gb1c03b2570 (webtiles) character file.

Game seed: 3093294944552684488

532 qw the Shooter (level 7, -3/60 HPs)
             Began as a Minotaur Hexslinger on July 7, 2023.
             Slain by an iguana (8 damage)
             ... on level 5 of the Dungeon.
             The game lasted 00:01:05 (2949 turns).

qw the Shooter (Minotaur Hexslinger)                Turns: 2949, Time: 00:01:05

Health: -3/60      AC:  5    Str: 12    XL:     7   Next: 4%
Magic:  7/7        EV: 11    Int: 10    God:
Gold:   238        SH:  0    Dex: 15    Spells: 7/8 levels left

rFire   + . .        Y - +1 sling
rCold   . . .        (no shield)
rNeg    . . .        e - +0 ring mail
rPois   .            (helmet restricted)
rElec   .            (no cloak)
rCorr   .            (no gloves)
SInv    .            (no boots)
Will    .....        (no amulet)
Stlth   +            k - ring of protection from fire
HPRegen 0.30/turn    (no ring)
MPRegen 0.10/turn

%: no passive effects
@: about to teleport
A: horns 2, retaliatory headbutt
a: no special abilities


You were on level 5 of the Dungeon.
You visited 1 branch of the dungeon, and saw 5 of its levels.

You collected 238 gold pieces.


Innate Abilities, Weirdness & Mutations

You have a pair of horns on your head.
You reflexively headbutt those who attack you in melee.


   Skills:
 - Level 4.7 Fighting
 + Level 7.1 Ranged Weapons
 - Level 1.3 Armour
 - Level 2.1 Dodging
 - Level 1.0 Spellcasting
 - Level 2.0 Hexes


You had 7 spell levels left.
You knew the following spells:

 Your Spells              Type           Power      Damage    Failure   Level
a - Slow                  Hex            16%        N/A       32%         1

Your spell library contained the following spells:

 Spells                   Type           Power      Damage    Failure   Level
 Inner Flame              Hex/Fire       2%         N/A       83%         3
 Portal Projectile        Hex/Tloc       4%         N/A       83%         3
 Cause Fear               Hex            2%         N/A       97%         4

Inventory:

Hand Weapons
 Y - a +1 sling (weapon)
Armour
 e - a +0 ring mail (worn)
Jewellery
 c - a ring of ice
 k - a ring of protection from fire (left hand)
Wands
 d - a wand of digging (5)
Scrolls
 g - a scroll of identify
Potions
 b - 2 potions of might
 f - 3 potions of curing
 h - a potion of lignification {unknown}
 i - a potion of mutation
 j - 2 potions of cancellation

Dungeon Overview and Level Annotations

Branches:
Dungeon (5/15)
 Temple: D:4-7

Altars:
Gozag
Makhleb
The Shining One


Message History

The orc priest looks braver for a moment.
The orc misses you. You furiously retaliate!
You headbutt the orc.
An iguana comes into view.
The orc wizard points at you and mumbles some strange words.
The puff of flame hits you. You resist. The orc misses you.
You furiously retaliate!
You headbutt the orc. You shoot a sling bullet. The sling bullet hits the orc.
You kill the orc!
The orc wizard misses you.
The orc priest invokes the aid of Beogh against you.
Beogh smites you! The orc closely misses you.
You shoot a sling bullet. The sling bullet hits the orc wizard.
The orc wizard is moderately wounded.
The orc hits you but does no damage.
The orc priest hits you with a +0 short sword.
The orc wizard hits you with a +0 dagger.
The iguana bites you.
You shoot a sling bullet.
The sling bullet closely misses the orc wizard.
The orc hits you but does no damage.
The orc priest hits you with a +0 short sword.
The orc wizard hits you but does no damage.
The orc closely misses you. The iguana closely misses you.
You furiously retaliate!
You headbutt the iguana. You shoot a sling bullet.
The sling bullet hits the orc wizard but does no damage.
The orc wizard is moderately wounded.
The orc misses you. You furiously retaliate!
You headbutt the orc.
You kill the orc!
The orc priest mumbles some strange prayers to Beogh against you.
Beogh smites you!
The orc wizard hits you but does no damage.
The orc barely misses you. You furiously retaliate!
You headbutt the orc!
You kill the orc!
The iguana closely misses you.
2949 ||| READING scroll of teleportation.
As you read the scroll of teleportation, it crumbles to dust.
You feel strangely unstable. The scorpion stings you.
The orc priest barely misses you. The iguana bites you!
You die...

.......#######.### ...#
#.....#...........# ....
#.....###.........#
#......##...##........##
.....##.)...............
......................
o...........##........ .
#o..##...#.........
....#l@................
......)os........#.....#
..####..##.......#######
#...##.............
#...............#..#
#..................
..........##..........
##.........##...#......
##....... #.###..#..#


You could see a scorpion, an iguana, an orc priest and an orc wizard.

Vanquished Creatures
  2 black bears
  A phantom (D:5)
  2 scorpions
  A jelly (D:4)
  An iguana (D:4)
  4 adders
  A worm (D:2)
  4 orcs (D:5)
  8 ball pythons
  5 bats
  9 endoplasms
  A giant cockroach (D:3)
  6 goblins
  4 hobgoblins
  2 jackals (D:4)
  2 quokkas
  2 frilled lizards
  3 kobolds
  6 rats
64 creatures vanquished.

Notes
Turn   | Place    | Note
-------+----------+-------------------------------------------
     0 | D:1      | qw the Minotaur Hexslinger began the quest for the Orb.
     0 | D:1      | Reached XP level 1. HP: 16/16 MP: 1/1
     0 | D:1      | 0 ||| qw: Version: 0.3-a-46-gb1f654a
     0 | D:1      | 0 ||| qw: Game counter: 2371
     0 | D:1      | 0 ||| qw: Melee chars always use a shield: true
     0 | D:1      | 0 ||| qw: God list: Okawaru
     0 | D:1      | 0 ||| qw: Allow faded altars: false
     0 | D:1      | 0 ||| qw: Do Orc after clearing Dungeon:15 true
     0 | D:1      | 0 ||| qw: Do second Lair branch before Depths: true
     0 | D:1      | 0 ||| qw: Lair rune preference: random
     0 | D:1      | 0 ||| qw: Goals: Normal
     0 | D:1      | 0 ||| PLANNING D:1-11
   239 | D:1      | Reached skill level 3 in Ranged Weapons
   248 | D:1      | Reached XP level 2. HP: 23/23 MP: 2/2
   502 | D:1      | 502 ||| UPGRADING to +0 ring mail.
   512 | D:1      | 512 ||| DROPPING +0 robe.
   513 | D:1      | 513 ||| READING scroll labelled NEYRUA TUXOL.
   518 | D:1      | 518 ||| READING 3 scrolls labelled XIOSAPHE SAGH.
   519 | D:1      | 519 ||| READING scroll labelled EGEHAST NUNLA.
   520 | D:1      | 520 ||| DRINKING 3 grey potions.
   521 | D:1      | 521 ||| DRINKING 2 golden potions.
   522 | D:1      | 522 ||| READING 2 scrolls of identify.
   522 | D:1      | 522 ||| IDENTIFYING fuming yellow potion
   523 | D:1      | 523 ||| DROPPING scroll of poison.
   551 | D:2      | 551 ||| STAIRDANCE
   624 | D:2      | Reached XP level 3. HP: 29/29 MP: 3/3
   851 | D:2      | Reached skill level 4 in Ranged Weapons
   895 | D:2      | Reached skill level 1 in Armour
   969 | D:2      | Found a burning altar of Makhleb.
  1199 | D:2      | 1199 ||| READING 3 scrolls labelled DETTOYLU XIQIMPED.
  1200 | D:2      | 1200 ||| READING scroll labelled NIUJUI ZYRGH.
  1201 | D:2      | 1201 ||| DROPPING 2 scrolls of amnesia.
  1449 | D:3      | Reached XP level 4. HP: 36/36 MP: 4/4
  1873 | D:3      | 1873 ||| READING scroll labelled FIFUER FAWO.
  1874 | D:3      | 1874 ||| DRINKING 3 ruby potions.
  1927 | D:4      | Noticed a black bear
  1940 | D:4      | Killed a black bear
  1941 | D:4      | Reached skill level 5 in Ranged Weapons
  1941 | D:4      | Reached XP level 5. HP: 15/41 MP: 5/5
  1941 | D:4      | HP: 10/41 [iguana (5)]
  1942 | D:4      | 1942 ||| READING 2 scrolls of teleportation.
  2224 | D:4      | Reached skill level 3 in Fighting
  2280 | D:4      | Found a burning altar of Makhleb.
  2280 | D:4      | Found an opulent altar of Gozag.
  2334 | D:4      | Reached skill level 6 in Ranged Weapons
  2334 | D:4      | Reached XP level 6. HP: 42/51 MP: 6/6
  2657 | D:4      | 2657 ||| UPGRADING to ring of protection from fire.
  2658 | D:4      | 2658 ||| READING scroll labelled UCKOHU ICUY.
  2659 | D:4      | 2659 ||| READING 3 scrolls of identify.
  2659 | D:4      | 2659 ||| IDENTIFYING cyan potion
  2660 | D:4      | 2660 ||| READING 2 scrolls of identify.
  2660 | D:4      | 2660 ||| IDENTIFYING coppery potion
  2661 | D:4      | 2661 ||| DROPPING potion of degeneration.
  2662 | D:4      | 2662 ||| DROPPING potion of brilliance.
  2674 | D:5      | Entered Level 5 of the Dungeon
  2675 | D:5      | 2675 ||| PLANNING OSSUARY
  2819 | D:5      | Found a glowing golden altar of the Shining One.
  2880 | D:5      | Reached skill level 7 in Ranged Weapons
  2880 | D:5      | Reached XP level 7. HP: 50/60 MP: 7/7
  2936 | D:5      | 2936 ||| Stepping ~*~*~tactically~*~*~ (outnumbered).
  2939 | D:5      | 2939 ||| Stepping ~*~*~tactically~*~*~ (outnumbered).
  2948 | D:5      | HP: 9/60 [orc priest/divine providence (16)]
  2949 | D:5      | 2949 ||| READING scroll of teleportation.
  2949 | D:5      | Slain by an iguana

Levels and vault maps discovered:
D:1:      scummos_arrival_simple_crosswalls, layout_rooms, minmay_distorted
D:2:      layout_loops_cross, basic_altar
D:3:      layout_basic, dk_vineyard_3
D:4:      layout_cave_pools, mainiacjoe_overflow_divided_tiny,
          kennysheep_decorative_pillar, minivault_25
D:5:      layout_cave_pools, amcnicky_altar_gilded, lemuel_round_altar,
          temple_hall, gup_ossuary_entry_pyramid

Skill      XL: |  1  2  3  4  5  6 |
---------------+-------------------+-----
Ranged Weapons | 3 4 5 6 7 |  7.1
Fighting       | 2 3 4 |  4.7
Armour         | 1 |  1.3
Dodging        | |  2.1
Spellcasting   | |  1.0
Hexes          | |  2.0

Action                     |  1- 3 |  4- 6 |  7- 9 || total
---------------------------+-------+-------+-------++-------
   Fire: Sling             |   105 |   117 |    11 ||   233
    Use: Scroll            |     6 |     5 |     1 ||    12
         Potion            |     2 |     1 |       ||     3
 Armour: Ring mail         |    13 |    51 |     6 ||    70
  Dodge: Dodged            |    37 |    71 |    15 ||   123

Table legend:
 A = Non-vault XP
 B = Vault XP
 C = Vault XP percentage of total XP
 D = Non-vault monster count
 E = Vault monster count
 F = Vault count percentage of total count
                 A         B        C        D         E       F
            +---------+---------+-------+---------+---------+-------
      Total |     757 |       4 |   0.5 |      62 |       2 |   3.1
            +---------+---------+-------+---------+---------+-------
        D:1 |      20 |       4 |  16.7 |      12 |       2 |  14.3
        D:2 |      63 |       0 |   0.0 |      15 |       0 |   0.0
        D:3 |      23 |       0 |   0.0 |      14 |       0 |   0.0
        D:4 |     308 |       0 |   0.0 |      13 |       0 |   0.0
        D:5 |     343 |       0 |   0.0 |       8 |       0 |   0.0
            +---------+---------+-------+---------+---------+-------
